 Dungeon Crawl Stone Soup version 0.21.0-24-g2553a33 (webtiles) character file.

51 Monsterracer the Ruffian (level 3, -3/26 HPs)
             Began as a Ghoul Earth Elementalist on Jan 21, 2018.
             Slain by a quokka (4 damage)
             ... on level 2 of the Dungeon.
             The game lasted 00:02:02 (1506 turns).

Monsterracer the Ruffian (Ghoul Earth Elementalist) Turns: 1506, Time: 00:02:02

Health: -3/26      AC:  4    Str: 12    XL:     3   Next: 81%
Magic:  0/4        EV: 12    Int: 10    God:
Gold:   11         SH:  0    Dex:  9    Spells: 4/5 levels left

rFire    . . .     SeeInvis .     - Unarmed
rCold    + . .     Gourm    .   (no shield)
rNeg     + + +     Faith    .   d - +0 robe
rPois    ∞         Spirit   .   l - +0 helmet
rElec    .         Reflect  .   (no cloak)
rCorr    .         Harm     .   (no gloves)
MR       .....                  g - +0 pair of boots {run}
Stlth    ++........             (no amulet)
HPRegen  0.00/turn              (no ring)
MPRegen  0.09/turn              (no ring)

@: very slightly contaminated, rotting, quick
A: rotting body, claws 1, carnivore, cold resistance 1, negative energy
resistance 3, inhibited regeneration, torment resistance, unbreathing
a: no special abilities


You were on level 2 of the Dungeon.
You were not hungry.

You visited 1 branch of the dungeon, and saw 2 of its levels.

You collected 11 gold pieces.

Inventory:

Missiles
 b - 82 stones (quivered)
Armour
 d - a +0 robe (worn)
 g - a +0 pair of boots of running (worn)
 l - a +0 helmet (worn)
Scrolls
 a - 3 scrolls of teleportation {unknown}
 f - a scroll of enchant armour {unknown}
 h - a scroll of magic mapping {unknown}
Potions
 e - a potion of heal wounds {unknown}
 i - a potion of degeneration {unknown}
 k - a potion of brilliance {unknown}
Comestibles
 c - 6 rations
 j - a chunk of flesh


   Skills:
 - Level 1.7 Dodging
 - Level 2.1 Stealth
 + Level 3.6 Unarmed Combat
 - Level 1.7 Spellcasting
   Level 0.8 Transmutations
 - Level 3.2 Earth Magic


You had 4 spell levels left.
You knew the following spells:

 Your Spells              Type           Power        Failure   Level  Hunger
a - Sandblast             Erth           #.....       9%          1    ##.....


Dungeon Overview and Level Annotations

Branches:
Dungeon (2/15)

Altars:
Fedhas


Innate Abilities, Weirdness & Mutations

Your body is rotting away.
You thrive on raw meat.
You are immune to poison.
You have sharp fingernails.
You are carnivorous and can eat meat at any time.
Your flesh is cold resistant. (rC+)
You are immune to negative energy. (rN+++)
You do not regenerate when monsters are visible.
You are immune to unholy pain and torment.
You can survive without breathing.


Message History

You now have 1/4 mp.
Casting: Sandblast
Confirm with . or Enter, or press ? or * to list all spells.
Aiming: Sandblast
Press: ? - help, Shift-Dir - straight line, f/p - dart slug
Aim: a dart slug (moderately wounded, clinging)
The blast of sand hits the dart slug.
The dart slug is severely wounded.
b - 84 stones The dart slug launches a dart at you.
The slug dart hits you!
You take 6 damage, and have 18/26 hp.
MASSIVE DAMAGE!!
You now have 0/4 mp.
You are too injured to fight recklessly!
You are too injured to fight recklessly!
You are too injured to fight recklessly!
The dart slug launches a dart at you. The slug dart hits you!
You take 3 damage, and have 15/26 hp.
You scratch the dart slug.
You kill the dart slug!
You see here a dart slug corpse.
You butcher the dart slug corpse.
You see here 2 chunks of flesh.
You claw the kobold!
You kill the kobold!
Things that are here:
a short sword; a ring mail; a kobold corpse A quokka comes into view.
Found a scroll labeled NOALAO DYIMOU.
Found a blossoming altar of Fedhas.
You closely miss the ball python. The ball python misses you. x2
You closely miss the ball python. The ball python closely misses you.
The ball python misses you.
You scratch the ball python.
The ball python is heavily wounded.
The ball python closely misses you. The ball python barely misses you.
You closely miss the ball python.
The ball python is heavily wounded.
The ball python bites you but does no damage.
The ball python barely misses you.
You scratch the ball python.
The ball python is severely wounded.
The ball python bites you but does no damage.
The ball python grabs you. The ball python constricts you.
You scratch the ball python.
You kill the ball python!
Casting: Sandblast
Confirm with . or Enter, or press ? or * to list all spells.
Aiming: Sandblast
Press: ? - help, Shift-Dir - straight line, f - quokka
Aim: a quokka The blast of sand hits the quokka.
b - 83 stones The quokka bites you.
You take 2 damage, and have 14/26 hp.
You now have 0/4 mp.
You closely miss the quokka.
The quokka bites you but does no damage.
You barely miss the quokka. The quokka barely misses you.
You closely miss the quokka.
The quokka twitches its whiskers.
The quokka misses you.
Casting: Sandblast
Confirm with . or Enter, or press ? or * to list all spells.
Aiming: Sandblast
Press: ? - help, Shift-Dir - straight line, f/p - quokka
Aim: a quokka You miscast Sandblast.
You are very lightly contaminated with residual magic.
The floor shifts beneath you alarmingly!
The quokka bites you but does no damage.
You now have 0/4 mp.
You completely miss the quokka. The quokka bites you.
* * * LOW HITPOINT WARNING * * *
You take 5 damage, and have 9/26 hp.
You closely miss the quokka.
The quokka bites you but does no damage.
You barely miss the quokka. The quokka misses you.
The quokka barely misses you.
Unknown command.
You closely miss the quokka. The quokka bites you.
* * * LOW HITPOINT WARNING * * *
You take 4 damage, and have 5/26 hp.
You completely miss the quokka. The quokka bites you.
* * * LOW HITPOINT WARNING * * *
You take 4 damage, and have 1/26 hp.
Things that are here:
a short sword; a ring mail; a kobold corpse You barely miss the quokka.
The quokka closely misses you.
You scratch the quokka.
The quokka is lightly wounded.
The quokka barely misses you.
Casting: Sandblast
Confirm with . or Enter, or press ? or * to list all spells.
Aiming: Sandblast
Press: ? - help, Shift-Dir - straight line, f/p - quokka
Aim: a quokka (lightly wounded)
The blast of sand hits the quokka.
The quokka is lightly wounded.
b - 82 stones The quokka bites you.
You die...

#. ## ## #.###.. ..
#.##.. #) #.##.# #.
#####.##.# ###### ##.
.........###....######..
####.#%.....##.....##..
#...r@###########.....
#..#.### ####..
?.....†...# #..
...........# ###
............#
............#
............#
....P.P.....#
....._......#


You could see a quokka.

Vanquished Creatures
  4 dart slugs
  2 leopard geckos (D:1)
  2 ball pythons
  3 bats (D:1)
  4 giant cockroaches
  A goblin (D:1)
  4 hobgoblins (D:1)
  2 jackals (D:2)
  2 kobolds
  11 frilled lizards
  7 rats
42 creatures vanquished.

Notes
Turn   | Place    | Note
-------+----------+-------------------------------------------
     0 | D:1      | Monsterracer the Ghoul Earth Elementalist began the quest for the Orb.
     0 | D:1      | Reached XP level 1. HP: 14/14 MP: 2/2
    18 | D:1      | Reached skill level 1 in Unarmed Combat
   126 | D:1      | Reached XP level 2. HP: 20/20 MP: 3/3
   145 | D:1      | Identified a +0 pair of boots of running (You found it on level 1 of the Dungeon)
   644 | D:1      | Reached XP level 3. HP: 15/26 MP: 1/4
  1485 | D:2      | Found a blossoming altar of Fedhas.
  1497 | D:2      | HP: 9/26 [quokka (5)]
  1501 | D:2      | HP: 1/26 [quokka (4)]
  1506 | D:2      | Slain by a quokka

Skill      XL: |  1  2  3 |
---------------+----------+-----
Unarmed Combat | 1 2 3 |  3.6
Dodging        | |  1.7
Stealth        | |  2.1
Spellcasting   | |  1.7
Transmutations | |  0.8
Earth Magic    | |  3.2

Action                   || total
-------------------------++-------
Melee: Unarmed           ||   103
 Cast: Sandblast         ||    26
 Stab: Sleeping          ||     3
  Eat: Chunk             ||     6
Armor: Robe              ||    41
Dodge: Dodged            ||    83

Vault maps used:
D:1:      arrival_zaba_pyramid, minmay_lizard_king
D:2:      marbit_many_paths, fedhas_altar_1, st_stairs_5
